 Dungeon Crawl Stone Soup version 0.28.0-53-g5a82cb258f (webtiles) character file.

Game seed: 8857366956212363480

18 Sin92 the Skirmisher (level 2, 0/24 HPs)
             Began as a Demonspawn Fighter on July 2, 2022.
             Was an Initiate of Ru.
             Succumbed to a kobold's poison
             ... on level 1 of the Dungeon.
             The game lasted 00:01:19 (431 turns).

Sin92 the Skirmisher (Demonspawn Fighter)            Turns: 431, Time: 00:01:20

Health: 0/24       AC:  6    Str: 16    XL:     2   Next: 51%
Magic:  2/2        EV:  8    Int:  9    God:    Ru [......]
Gold:   14         SH:  4    Dex: 12    Spells: 1/1 levels left

rFire   . . .      SeeInvis .   a - +0 war axe
rCold   . . .      Faith    .   c - +0 buckler
rNeg    . . .      Spirit   .   b - +0 scale mail
rPois   .          Reflect  .   (no helmet)
rElec   .          Harm     .   (no cloak)
rCorr   .          Rampage  .   (no gloves)
Will    .....                   (no boots)
Stlth   ..........              (no amulet)
HPRegen 0.08/turn               (no ring)
MPRegen 0.08/turn               (no ring)

@: lethally poisoned (0 -> -5)
A: powered by death 1
a: Renounce Religion, Sacrifice Nimbleness, Sacrifice Stealth, Sacrifice Love,
Reject Sacrifices


You were on level 1 of the Dungeon.
You worshipped Ru.
Ru was noncommittal.
You visited 1 branch of the dungeon, and saw 1 of its levels.

You collected 14 gold pieces.

Inventory:

Hand Weapons
 a - a +0 war axe (weapon)
Missiles
 e - 4 silver javelins (quivered)
Armour
 b - a +0 scale mail (worn)
 c - a +0 buckler (worn)
Potions
 d - a potion of might


   Skills:
 + Level 3.1 Fighting
 * Level 2.2 Axes
 + Level 2.9 Armour
 + Level 2.9 Shields


You had one spell level left.
You didn't know any spells.
Your spell library was empty.

Dungeon Overview and Level Annotations

Branches:
Dungeon (1/15)

Altars:
Ru


Innate Abilities, Weirdness & Mutations

You regenerate a little health from kills.


Message History

The kobold shouts!
A kobold is nearby!
A kobold is nearby!
You completely miss the kobold.
The kobold hits you with a +4 short sword of venom.
You are poisoned.
You hit the kobold.
The kobold is severely wounded.
You feel very sick.
The kobold hits you with a +4 short sword of venom.
You are lethally poisoned!
There is a lethal amount of poison in your body!
You closely miss the kobold.
The kobold is severely wounded.
You feel very sick. You block the kobold's attack.
The kobold closely misses you.
There is a lethal amount of poison in your body!
You are too injured to fight recklessly!
There is a lethal amount of poison in your body!
You are too injured to fight recklessly!
Okay, then.
Okay, then.
You aren't carrying any scrolls.
You aren't carrying any pieces of jewellery.
You hit the kobold.
You kill the kobold!
* * * LOW HITPOINT WARNING * * *
You feel very sick.
* * * LOW HITPOINT WARNING * * *
You feel very sick.
Things that are here:
a +4 short sword of venom; a kobold corpse
* * * LOW HITPOINT WARNING * * *
You feel sick.
Okay, then.
You aren't carrying any scrolls.
There is a lethal amount of poison in your body!
* * * LOW HITPOINT WARNING * * *
You feel sick.
You die...

# # ##### # #...# # #...#
# #...# # ####### #...# #
#.....# #...#
######.....# #...#####
...........# #.@.....#
...........######.....##.
................)........
...............##.....###
.........†..##.##.....#
............##.##.....#
..........#.##.##.....#
#####.###.#^##.##.....#
#.# #.#.##.########


There were no monsters in sight!

Vanquished Creatures
  2 bats (D:1)
  2 giant cockroaches (D:1)
  3 goblins (D:1)
  2 hobgoblins (D:1)
  A kobold (D:1)
  A quokka (D:1)
  2 ball pythons (D:1)
  A frilled lizard (D:1)
  A rat (D:1)
15 creatures vanquished.

Notes
Turn   | Place    | Note
-------+----------+-------------------------------------------
     0 | D:1      | Sin92 the Demonspawn Fighter began the quest for the Orb.
     0 | D:1      | Reached XP level 1. HP: 18/18 MP: 1/1
    88 | D:1      | Found a faded altar of an unknown god.
   116 | D:1      | Prayed at the altar of an unknown god.
   116 | D:1      | Became a worshipper of Ru the Awakened
   234 | D:1      | Gained mutation: You regenerate a little health from kills.
                  | [demonic ancestry]
   234 | D:1      | Reached XP level 2. HP: 19/24 MP: 2/2
   430 | D:1      | HP: 1/24 [poisoned by a kobold]
   431 | D:1      | Succumbed to a kobold's poison

Illustrated notes

Levels and vault maps discovered:
D:1:      dpeg_arrival_tiny_f, layout_basic, basic_ecumenical_altar

Skill      XL: |  1 |
---------------+----+-----
Axes           | 2 |  2.2
Fighting       | |  3.1
Armour         | |  2.9
Shields        | |  2.9

Action                   || total
-------------------------++-------
Melee: War axe           ||    42
Armor: Scale mail        ||    25
Dodge: Dodged            ||    21
Block: Buckler           ||    18
